 Dungeon Crawl Stone Soup version 0.20.1-1-g8b1a95d (webtiles) character file.

32 Internecine the Firebug (level 3, -1/24 HPs)
             Began as a Human Fire Elementalist on Sept 26, 2017.
             Slain by Crazy Yiuf
             ... wielding a +4 quarterstaff of chaos
              (7 damage)
             ... on level 2 of the Dungeon.
             The game lasted 00:14:27 (1308 turns).

Internecine the Firebug (Human Fire Elementalist)   Turns: 1308, Time: 00:14:28

Health: -1/24      AC:  2    Str:  7 (8)  XL:     3   Next: 45%
Magic:  1/6        EV: 12    Int: 15 (16) God:
Gold:   54         SH:  0    Dex: 10 (13) Spells: 5/6 levels left

rFire    . . .     SeeInvis .   i - +0 short sword
rCold    . . .     Gourm    .   (no shield)
rNeg     . . .     Faith    .   a - +0 robe
rPois    .         Spirit   .   (no helmet)
rElec    .         Reflect  .   (no cloak)
rCorr    .         Harm     .   (no gloves)
MR       .....                  (no boots)
Stlth    ++........             (no amulet)
Regen    0.1/turn               (no ring)
MPRegen  0.1/turn               (no ring)

@: no status effects
A: no striking features
a: no special abilities


You were on level 2 of the Dungeon.
You were not hungry.

You visited 1 branch of the dungeon, and saw 2 of its levels.

You collected 54 gold pieces.

Inventory:

Hand Weapons
 g - a +0 club
 i - a +0 short sword (weapon)
 l - a +0 club
 p - a +0 club
 r - a +0 dagger
Missiles
 e - 13 sling bullets
 o - 20 poisoned needles
 q - 43 stones (quivered)
Armour
 a - a +0 robe (worn)
 n - a +2 large shield
Scrolls
 f - a scroll of random uselessness {unknown}
 h - 4 scrolls of remove curse {unknown}
 j - a scroll of magic mapping {unknown}
 k - 2 scrolls of identify {unknown}
 m - a scroll of recharging {unknown}
Books
 b - a book of Flames

   Spells                             Type                      Level
   a - Flame Tongue                   Conjuration/Fire             1
   b - Throw Flame                    Conjuration/Fire             2
   c - Conjure Flame                  Conjuration/Fire             3
   d - Inner Flame                    Hexes/Fire                   3
   e - Sticky Flame                   Conjuration/Fire             4
   f - Fireball                       Conjuration/Fire             5
Comestibles
 c - a bread ration


   Skills:
 + Level 2.0 Dodging
 + Level 2.2 Stealth
 + Level 0.6 Shields
 + Level 2.4 Spellcasting
 + Level 1.3 Conjurations
 + Level 3.4 Fire Magic


You had 5 spell levels left.
You knew the following spells:

 Your Spells              Type           Power        Failure   Level  Hunger
a - Flame Tongue          Conj/Fire      #....        8%          1    #......


Dungeon Overview and Level Annotations

Branches:
Dungeon (2/15)

Altars:

Annotations:
D:2 Crazy Yiuf


Message History

Press: ? - help, Shift-Dir - straight line, f/p - Crazy Yiuf
Aim: Crazy Yiuf, wielding a quarterstaff of chaos and wearing a cloak (heavily wounded)
The flame tongue hits Crazy Yiuf.
Crazy Yiuf appears unharmed.
Crazy Yiuf is heavily wounded.
Crazy Yiuf whimpers, "Gum!
Citrus koolooloo return to song."
Crazy Yiuf hits you with a quarterstaff of chaos!
Ouch! That really hurt!
Space bends around you.
* * * LOW HITPOINT WARNING * * *
It was a potion of degeneration.
There was something very wrong with that liquid.
You feel weakened.
You feel dopey.
You feel clumsy.
Casting: Flame Tongue
Confirm with . or Enter, or press ? or * to list all spells.
Aiming: Flame Tongue
Press: ? - help, Shift-Dir - straight line, f/p - Crazy Yiuf
Aim: Crazy Yiuf, wielding a quarterstaff of chaos and wearing a cloak (heavily wounded)
The flame tongue misses Crazy Yiuf.
Crazy Yiuf hits you with a quarterstaff of chaos!
You die...

#. ...
##.######.##
#...........
#####
#....###.###
#)..# #....#
#.# #...#
#....# #.#
... #....#
#.# #g#
###### #.#
#@##
########.###
##.#
#...........
#.##
#.##########
##.# #.#
##.## #.#
##...# #.#
#....# #.#
##..## #.#
#....###.#


You could see Crazy Yiuf.

Vanquished Creatures
  2 oozes (D:1)
  A dart slug (D:1)
  A giant cockroach (D:1)
  3 goblins
  2 hobgoblins (D:1)
  8 bats
  2 frilled lizards (D:1)
  A kobold (D:1)
  4 rats (D:1)
24 creatures vanquished.

Notes
Turn   | Place    | Note
-------+----------+-------------------------------------------
     0 | D:1      | Internecine the Human Fire Elementalist began the quest for the Orb.
     0 | D:1      | Reached XP level 1. HP: 13/13 MP: 3/3
    75 | D:1      | Reached XP level 2. HP: 19/19 MP: 1/5
   562 | D:1      | Reached XP level 3. HP: 24/24 MP: 2/6
  1298 | D:2      | Found a runed door.
  1302 | D:2      | Noticed Crazy Yiuf
  1308 | D:2      | Slain by Crazy Yiuf

Action                   || total
-------------------------++-------
Melee: Short sword       ||    41
 Cast: Flame Tongue      ||    25
  Use: Potion            ||     1
 Stab: Sleeping          ||     1
  Eat: Chunk             ||     2
Armor: Robe              ||     7
Dodge: Dodged            ||    18
Block: Large shield      ||    35
